 Dungeon Crawl Stone Soup version 0.28.0-45-g0d030f2227 (webtiles) character file.

Game seed: 2830313395017351340

291 NinjaNoafa the Poker (level 6, -6/46 HPs)
             Began as a Merfolk Gladiator on Apr 3, 2022.
             Was an Initiate of Yredelemnul.
             Killed by nerve-wracking pain
             ... invoked by an orc priest
              (14 damage)
             ... on level 4 of the Dungeon.
             The game lasted 00:10:42 (2839 turns).

NinjaNoafa the Poker (Merfolk Gladiator)            Turns: 2839, Time: 00:10:43

Health: -6/46      AC:  5    Str: 16    XL:     6   Next: 32%
Magic:  9/9        EV: 13    Int:  8    God:    Yredelemnul [......]
Gold:   213        SH:  0    Dex: 15    Spells: 9/9 levels left

rFire   . . .      SeeInvis .   a - +0 trident
rCold   . . .      Faith    .   (no shield)
rNeg    . . .      Spirit   .   b - +1 leather armour
rPois   .          Reflect  .   c - +0 helmet
rElec   .          Harm     .   (no cloak)
rCorr   .          Rampage  .   (no gloves)
Will    .....                   (no boots)
Stlth   ++........              (no amulet)
HPRegen 0.15/turn               (no ring)
MPRegen 0.11/turn               (no ring)

@: no status effects
A: (nimble swimmer 2), mertail
a: Renounce Religion, Recall Undead Harvest


You were on level 4 of the Dungeon.
You worshipped Yredelemnul.
Yredelemnul was noncommittal.
You visited 1 branch of the dungeon, and saw 4 of its levels.
You also visited: Sewer.

You collected 213 gold pieces.

Inventory:

Hand Weapons
 a - a +0 trident (weapon)
Missiles
 d - 3 throwing nets
 h - 104 stones (quivered)
Armour
 b - a +1 leather armour (worn)
 c - a +0 helmet (worn)
Wands
 e - a wand of polymorph (6)
Scrolls
 g - a scroll of immolation {unknown}
 i - a scroll of blinking {unknown}
 l - 5 scrolls of identify {unknown}
 m - a scroll of enchant weapon {unknown}


   Skills:
 + Level 2.7 Fighting
 + Level 5.0 Polearms
 - Level 3.0 Throwing
 + Level 5.0 Dodging
 - Level 3.0 Stealth
 * Level 2.2 Spellcasting
 * Level 2.5 Ice Magic


You had 9 spell levels left.
You didn't know any spells.
Your spell library contained the following spells:

 Spells                   Type           Power      Damage    Failure   Level
 Slow                     Hex            0%         N/A       41%         1
 Confusing Touch          Hex            0%         N/A       78%         3
 Vampiric Draining        Necr           0%         2d6       78%         3
 Hailstorm                Conj/Ice       2%         3d3       94%         4
 Ice Form                 Ice/Tmut       2%         N/A       94%         4
 Simulacrum               Ice/Necr       1%         N/A       100%        6


Dungeon Overview and Level Annotations

Branches:
Dungeon (4/15)              Sewer (visited)
 Temple: D:4-7

Altars:
Makhleb
Yredelemnul
Lugonu

Portals:
Abyss: D:3


Innate Abilities, Weirdness & Mutations

((You are very nimble when in or above water. (Stealth+, EV+, Speed+++)))
Your lower body shifts to a powerful aquatic tail in water.


Message History

The orc priest casts a cantrip, but nothing happens.
The orc wizard mumbles some strange words.
The orc wizard flickers and vanishes!
Deactivating autopickup; reactivate with Ctrl-A.
The orc priest begins to cast a cantrip, but forgets the words!
The goblin barely misses you.
Something tries to affect you, but you resist.
The orc priest calls down the wrath of Beogh upon you.
Beogh smites you! The orc closely misses you.
You are confused.
The hobgoblin misses you. The goblin closely misses you.
The hobgoblin hits you.
You closely miss the orc. The goblin hits you but does no damage.
The hobgoblin hits you but does no damage.
The orc hits you but does no damage.
The orc priest mumbles some strange prayers to Beogh against you.
Beogh smites you!
You are too confused!
You aren't carrying any potions.
You hit the orc priest but do no damage.
You feel less confused. The goblin closely misses you.
The hobgoblin closely misses you. The orc priest barely misses you.
The hobgoblin barely misses you. The orc priest closely misses you.
The orc hits you with a +0 dagger.
The orc priest mumbles some strange prayers to Beogh against you.
Beogh smites you!
* * * LOW HITPOINT WARNING * * *
The goblin hits you with a +0 club.
* * * LOW HITPOINT WARNING * * *
You see here a book of Debilitation.
You pick up a book of Debilitation and begin reading...
You add the spells Slow, Vampiric Draining and Confusing Touch to your library.
The hobgoblin barely misses you. The orc completely misses you.
The goblin closely misses you.
Okay, then.
The orc priest calls down the wrath of Beogh upon you.
Pain shoots through your body!
You die...
Your body rises from the dead as a mindless zombie.

#...#..<...# .. #...#......#
##.# #...#......### #...###.
#...#.......... ..........
#...#......########.........
#...#.................###....
#.>........####.og...........
#....).....###..g.o.....##...
##.###.........@o.......#....
#.##.......................
........h...?...........#..
........................#
..........$.............##
........................##
###.#....................#
#.##...................### #
##....................##.


You could see a hound (wandering), 2 orc priests, an orc, a hobgoblin and a
goblin.

Vanquished Creatures
  Pargi (Sewer)
  A howler monkey (D:2)
  Natasha (D:2)
  Robin (D:2)
  2 dart slugs
  An orc (D:3)
  5 bats
  2 endoplasms
  4 giant cockroaches (D:1)
  5 goblins (D:2)
  10 hobgoblins
  2 quokkas (D:1)
  4 ball pythons
  4 frilled lizards
  4 kobolds
  A rat (D:1)
48 creatures vanquished.

Vanquished Creatures (collateral kills)
  Natasha (D:2)
  2 adders
  A river rat (D:3)
  A worm (D:3)
  An endoplasm (D:3)
  6 goblins
  A hobgoblin (D:2)
  2 ball pythons
  3 bats
  A kobold (D:3)
  A rat (D:3)
20 creatures vanquished.

Vanquished Creatures (others)
  A hound zombie (D:3)
  A worm zombie (D:3)
  A felid zombie (D:2)
  2 ball python zombies (D:3)
  A frilled lizard zombie (D:2)
  4 goblin zombies (D:2)
  7 hobgoblin zombies
  2 lurking horrors (D:3)
19 creatures vanquished.

Grand Total: 87 creatures vanquished

Notes
Turn   | Place    | Note
-------+----------+-------------------------------------------
     0 | D:1      | NinjaNoafa the Merfolk Gladiator began the quest for the
                  | Orb.
     0 | D:1      | Reached XP level 1. HP: 16/16 MP: 1/1
   206 | D:1      | Reached XP level 2. HP: 20/23 MP: 2/2
   618 | D:1      | Reached skill level 1 in Stealth
   922 | D:2      | Noticed Robin
   923 | D:2      | Noticed Natasha
   926 | D:2      | Noticed a crimson imp
   955 | D:3      | Found a faded altar of an unknown god.
   972 | D:3      | Prayed at the altar of an unknown god.
   972 | D:3      | Became a worshipper of Yredelemnul the Dark
   972 | D:3      | Reached * piety under Yredelemnul
  1026 | D:3      | Found a glowing drain.
  1043 | D:3      | Reached XP level 3. HP: 16/28 MP: 3/3
  1313 | D:3      | Found a burning altar of Makhleb.
  1322 | D:3      | Found a one-way gate to the infinite horrors of the Abyss.
  1325 | D:3      | Found a corrupted altar of Lugonu.
  1544 | Sewer    | Entered a sewer
  1569 | Sewer    | Noticed Pargi
  1583 | Sewer    | Killed Pargi
  1584 | Sewer    | Reached skill level 5 in Polearms
  1584 | Sewer    | Reached skill level 1 in Spellcasting
  1584 | Sewer    | Reached skill level 1 in Ice Magic
  1584 | Sewer    | Reached XP level 4. HP: 34/34 MP: 3/5
  1584 | Sewer    | Reached XP level 5. HP: 39/39 MP: 3/6
  1748 | D:2      | Reached skill level 5 in Dodging
  1803 | D:2      | Killed Natasha
  1810 | D:2      | Killed Robin
  1905 | D:2      | Noticed Natasha
  1913 | D:2      | Killed Natasha
  1914 | D:2      | Reached XP level 6. HP: 19/46 MP: 8/8
  1975 | D:2      | Your ally Robin died
  1978 | D:2      | Noticed Natasha
  1982 | D:2      | Your ally Natasha died
  1991 | D:2      | Noticed Natasha
  1991 | D:2      | Natasha changed into Natasha the howler monkey
  1995 | D:2      | Killed Natasha the howler monkey
  2839 | D:4      | Killed from afar by an orc priest

Illustrated notes

Levels and vault maps discovered:
D:1:      dpeg_arrival_erosion, layout_loops_ring
D:2:      layout_basic, uniq_robin, uniq_natasha
D:3:      layout_rooms, bloody_makhleb, cheibrodos_sewer_entry_sluice,
          shapermc_ecumenical_altar_venn, amcnicky_altar_lugonu_corruption
D:4:      layout_rooms, uniq_sigmund

Skill      XL: |  1  2  3  4  5  6 |
---------------+-------------------+-----
Stealth        | 1 2 3 |  3.0
Polearms       | 5 |  5.0
Spellcasting   | 1 2 |  2.2
Ice Magic      | 1 2 |  2.5
Dodging        | 5 |  5.0
Throwing       | 3 |  3.0
Fighting       | |  2.7

Action                   |  1- 3 |  4- 6 || total
-------------------------+-------+-------++-------
Melee: Trident           |    77 |    74 ||   151
       Punch             |       |     2 ||     2
Throw: Stone             |    16 |    10 ||    26
       Throwing net      |       |     3 ||     3
Invok: Recall Undead Har |       |     1 ||     1
Evoke: Wand              |       |     1 ||     1
  Use: Scroll            |     1 |     2 ||     3
       Potion            |     1 |     4 ||     5
 Stab: Sleeping          |     1 |     1 ||     2
Armor: Leather armour    |    22 |    27 ||    49
Dodge: Dodged            |    90 |    78 ||   168
